AoeStats
← Wicked Lui

Fortress

508721793Analyzed
4v4 RM · 8d ago on Sep 23, 2026· 53m 21s· 8 players
Game mode
Random Map
Map size
Huge
Population
200
Speed
Normal
Resources
Standard
Victory
Conquest
Starting age
Dark Age
Ending age
Imperial Age
RankedLock teamsTeams togetherTeam positionsShared explorationLock speedFull tech treeHidden civsTurbo modeCheats
Victory
Defeat
🇹🇷 Danes · Türkiye
1543
+17
🇹🇷 Danes · Türkiye
1495
+17
🇹🇷 Romans · Türkiye
1412
+20
🇹🇷 Hindustanis · Türkiye
1226
+27
🇨🇭 Franks · Switzerland
1533
-21
🇩🇪 Teutons · Germany
1531
-20
🇩🇪 Danes · Germany
1518
-20
🇧🇷 Khmer · Brazil
1469
-18
BruToO
7:13 Feudal Age
10:20 Castle Age
8:19 Horse Collar
8:57 Double-Bit Axe
11:28 Bow Saw
11:52 Heavy Plow
16:25 Wheelbarrow
18:11 Hand Cart
18:26 Gold Mining
18:55 Bow Saw
20:28 Gold Shaft Mining
20:41 Stone Mining
20:39 Loom
24:36 Imperial Age
21:58 Town Watch
23:00 Tusk Swords
24:04 Husbandry
24:14 Bloodlines
24:41 Elite Battle Elephant
25:27 Scale Barding Armor
26:05 Forging
27:05 Chain Barding Armor
27:23 Iron Casting
28:35 Stone Shaft Mining
29:12 Plate Barding Armor
29:38 Blast Furnace
29:36 Capped Ram
31:03 Siege Ram
32:28 Caravan
33:18 Light Cavalry
34:47 Crop Rotation
35:33 Fletching
35:27 Hussar
37:26 Conscription
37:08 Bodkin Arrow
39:10 Hoardings
39:42 Bracer
41:47 Masonry
42:38 Chemistry
41:59 Ballistics
48:18 Architecture
47:54 Siege Engineers
50:14 Double Crossbow
50:23 Elite Ballista Elephant
52:02 Crop Rotation
flowaway4
7:47 Feudal Age
9:07 Double-Bit Axe
11:34 Castle Age
11:15 Gold Mining
12:35 Bow Saw
12:31 Husbandry
13:35 Wheelbarrow
15:22 Scale Barding Armor
17:06 Chain Barding Armor
18:26 Forging
21:49 Loom
21:50 Town Watch
27:50 Imperial Age
26:26 Hand Cart
26:48 Iron Casting
26:24 Stone Mining
27:11 Scale Mail Armor
28:02 Squires
29:12 Chain Mail Armor
29:39 Conscription
30:23 Blast Furnace
31:24 Plate Mail Armor
30:17 Pikeman
31:36 Ballistics
31:27 Masonry
31:09 Fletching
33:24 Bodkin Arrow
33:55 Elite Throwing Axeman
34:21 Halberdier
38:36 Caravan
39:06 Coinage
38:59 Padded Archer Armor
41:23 Chemistry
40:54 Architecture
42:00 Banking
43:00 Hoardings
43:12 Plate Barding Armor
43:01 Cavalier
43:17 Crossbowman
43:26 Heavy Mounted Crossbowman
44:46 Light Cavalry
45:44 Arson
46:10 Cranequins
47:12 Leather Archer Armor
47:23 Ordonnance Companies
50:49 Gambesons
gamelnderGamler
7:24 Feudal Age
11:02 Castle Age
8:56 Double-Bit Axe
10:36 Horse Collar
12:00 Bow Saw
13:09 Heavy Plow
19:28 Wheelbarrow
20:13 Gold Mining
21:05 Hand Cart
23:55 Imperial Age
21:45 Scale Mail Armor
21:38 Stone Mining
22:28 Loom
23:01 Chain Mail Armor
22:56 Forging
22:52 Squires
22:37 Arson
23:47 Pikeman
25:09 Conscription
24:15 Capped Ram
25:54 Plate Mail Armor
26:34 Chemistry
25:33 Elite Teutonic Knight
27:31 Iron Casting
27:40 Siege Engineers
29:50 Blast Furnace
30:54 Ironclad
31:09 Masonry
32:21 Fletching
34:24 Ballistics
34:58 Crenellations
35:17 Hoardings
34:21 Onager
35:08 Bodkin Arrow
35:59 Caravan
36:11 Guilds
35:59 Siege Onager
41:33 Halberdier
44:57 Fortified Wall
HaRo23
7:40 Feudal Age
8:37 Double-Bit Axe
11:20 Castle Age
10:48 Man-at-Arms
11:45 Long Swordsman
14:00 Scale Mail Armor
25:45 Horse Collar
27:21 Loom
31:11 Wheelbarrow
30:42 Fletching
31:36 Bodkin Arrow
32:29 Padded Archer Armor
33:26 Bow Saw
36:17 Imperial Age
34:16 Ballistics
35:46 Thumb Ring
36:59 Bracer
38:07 Chemistry
40:07 Gold Mining
40:56 Conscription
40:11 Cranequins
41:10 Bloodlines
41:03 Onager
43:21 Siege Engineers
43:02 Siege Onager
Wicked Lui
7:29 Feudal Age
9:09 Double-Bit Axe
11:41 Castle Age
13:43 Wheelbarrow
14:18 Bow Saw
15:57 Horse Collar
19:07 Scale Barding Armor
22:17 Hand Cart
22:34 Forging
22:48 Chain Barding Armor
23:10 Husbandry
23:20 Bloodlines
25:36 Forging
25:36 Loom
26:13 Gold Mining
29:02 Imperial Age
27:57 Gold Shaft Mining
27:50 Ballistics
28:10 Iron Casting
27:36 Scale Mail Armor
29:07 Fletching
29:20 Padded Archer Armor
29:26 Heavy Camel Rider
31:18 Chemistry
31:46 Blast Furnace
31:21 Plate Barding Armor
31:03 Leather Archer Armor
33:40 Shatagni
34:29 Chain Mail Armor
37:14 Ring Archer Armor
40:11 Light Cavalry
43:33 Conscription
42:57 Hussar
if i lose it all
4:34 Loom
7:29 Feudal Age
11:20 Castle Age
9:10 Horse Collar
9:56 Double-Bit Axe
12:26 Bow Saw
13:51 Loom
17:00 Wheelbarrow
24:30 Imperial Age
22:21 Hand Cart
22:32 Stone Mining
22:32 Gold Mining
22:48 Heavy Plow
23:36 Scale Mail Armor
24:09 Forging
25:45 Stone Shaft Mining
25:00 Gold Mining
26:30 Chain Mail Armor
25:53 Elite Jomsviking
27:20 Fletching
28:08 Conscription
28:12 Bodkin Arrow
29:18 Bracer
28:55 Cranequins
29:42 Thumb Ring
30:27 Ballistics
31:08 Chemistry
31:58 Padded Archer Armor
32:55 Bloodlines
32:46 Husbandry
32:34 Heavy Mounted Crossbowman
33:28 Squires
34:46 Caravan
36:12 Plate Mail Armor
36:17 Iron Casting
37:44 Scale Barding Armor
37:54 Leather Archer Armor
39:14 Blast Furnace
40:28 Chain Barding Armor
39:58 Hamask
43:18 Plate Barding Armor
43:14 Ring Archer Armor
42:06 Light Cavalry
43:44 Arson
43:21 Elite Varangian Guard
45:03 Capped Ram
47:29 Siege Ram
49:18 Pikeman
51:02 Gambesons
Alarmaaa5374
6:46 Feudal Age
10:57 Castle Age
9:11 Horse Collar
9:38 Double-Bit Axe
16:29 Wheelbarrow
16:15 Bow Saw
24:12 Imperial Age
21:28 Loom
21:29 Town Watch
22:25 Hand Cart
22:11 Stone Mining
22:11 Gold Mining
23:39 Squires
24:11 Heavy Plow
24:47 Gold Shaft Mining
24:14 Scale Mail Armor
24:24 Forging
24:00 Pikeman
27:27 Chemistry
26:49 Ballistics
27:01 Chain Mail Armor
27:48 Iron Casting
27:06 Heavy Scorpion
28:08 Conscription
27:15 Halberdier
28:30 Fletching
28:47 Siege Engineers
29:15 Ballistas
33:06 Blast Furnace
32:18 Masonry
32:03 Murder Holes
32:00 Capped Ram
33:28 Siege Ram
35:10 Onager
38:49 Crop Rotation
38:16 Bodkin Arrow
42:38 Architecture
48:26 Caravan
koteshii
8:31 Feudal Age
9:19 Double-Bit Axe
12:00 Castle Age
11:05 Wheelbarrow
10:23 Horse Collar
13:04 Bow Saw
23:52 Fletching
26:17 Stone Mining
28:35 Heavy Plow
30:26 Hand Cart
30:49 Gold Mining
31:35 Stone Shaft Mining
31:05 Gold Mining
34:27 Imperial Age
31:55 Bodkin Arrow
32:01 Padded Archer Armor
33:52 Ballistics
34:44 Leather Archer Armor
35:09 Bracer
35:36 Conscription
35:16 Heavy Mounted Crossbowman
37:46 Chemistry
37:46 Ring Archer Armor
39:26 Thumb Ring
38:47 Cranequins
42:39 Caravan
43:09 Coinage
44:14 Siege Engineers
49:07 Husbandry
48:31 Light Cavalry
49:27 Bloodlines
Connection lost

Rejoining the realm…

Still unreachable

The connection could not be restored.

Session expired

The server has moved on; the page needs a fresh start.